TOP OF THE 1ST |
D.C. Divided batting - Pitching for Colorado Billy Goats : LHP Paul Vereen
|
Pitching: LHP Paul Vereen
|
|
Batting: RHB Kimi Okubo
|
0-0: Ball 1-0: Ball 2-0: Ball 3-0: Called Strike 3-1: Base on Balls
|
Batting: RHB Peni Ferede
|
0-0: Fielders Choice at 2nd, 1-4 (Groundball, P, EV 67.5 MPH)
|
Batting: RHB Martín Chávez
|
0-0: Fly out, F8 (Flyball, 8RXD, EV 98.8 MPH)
|
Batting: RHB Francisco Alhama
|
0-0: Ball 1-0: Called Strike 1-1: Ball 2-1: Fielders Choice at 2nd, 6-4 (Groundball, 6, EV 82.5 MPH)
|
Top of the 1st over - 0 runs, 0 hits, 0 errors, 1 left on base; D.C. 0 - Colorado 0 |
BOTTOM OF THE 1ST |
Colorado Billy Goats batting - Pitching for D.C. Divided : RHP Eric Colquhoun
|
Pitching: RHP Eric Colquhoun
|
|
Batting: LHB David de Meij
|
0-0: Ball 1-0: Called Strike 1-1: Ball 2-1: Called Strike 2-2: Ball 3-2: Ground out 6-3 (Groundball, 6, EV 82.5 MPH)
|
Batting: LHB Ricardo Yates
|
0-0: Fly out, F3 (Line Drive, 3, EV 71.9 MPH)
|
Batting: LHB Tim Gonzáles
|
0-0: Ground out U3 (Groundball, 3, EV 103.1 MPH)
|
Bottom of the 1st over - 0 runs, 0 hits, 0 errors, 0 left on base; D.C. 0 - Colorado 0 |
TOP OF THE 2ND |
D.C. Divided batting - Pitching for Colorado Billy Goats : LHP Paul Vereen
|
Batting: LHB Bill Butler
|
0-0: Ball 1-0: Called Strike 1-1: Ball 2-1: SINGLE (Line Drive, 7S, EV 92.5 MPH)
|
Batting: LHB Buddy Patton
|
0-0: Foul Ball, location: 2F 0-1: SINGLE (Groundball, 4MD, EV 94.4 MPH) Bill Butler to second Runner from 2nd tries for 3rd, SAFE, throw by CF made to third
|
Batting: RHB Charles Atkinson
|
0-0: Called Strike 0-1: Ball 1-1: Ball 2-1: Fly out, F7 (Flyball, 7S, EV 77.5 MPH)
|
Batting: SHB Billy Dotson
|
0-0: Called Strike 0-1: Ball 1-1: SINGLE (Groundball, 34D, EV 96.9 MPH) Bill Butler scores Buddy Patton to second Runner from 2nd tries for 3rd, SAFE, throw by RF made to third
|
Batting: RHB Germán Pérez
|
0-0: Called Strike 0-1: Called Strike 0-2: Foul Ball, location: 2F 0-2: Grounds into double play, 4-6-3 (Groundball, 4M, EV 103.1 MPH)
|
Top of the 2nd over - 1 run, 3 hits, 0 errors, 1 left on base; D.C. 1 - Colorado 0 |
BOTTOM OF THE 2ND |
Colorado Billy Goats batting - Pitching for D.C. Divided : RHP Eric Colquhoun
|
Batting: LHB Robby Sinor
|
0-0: Called Strike 0-1: Ball 1-1: Foul Ball, location: 2F 1-2: Ball 2-2: Ball 3-2: Strikes out swinging
|
Batting: LHB Samual Johnson
|
0-0: Foul Ball, location: 2F 0-1: Ball 1-1: Called Strike 1-2: Foul Ball, location: 2F 1-2: Foul Ball, location: 2F 1-2: Foul Ball, location: 2F 1-2: Foul Ball, location: 2F 1-2: Foul Ball, location: 2F 1-2: Ball 2-2: Fly out, F7 (Line Drive, 7LM, EV 100.6 MPH)
|
Batting: RHB Paul Byrd
|
0-0: Ball 1-0: Called Strike 1-1: Foul Ball, location: 2F 1-2: Ball 2-2: Foul Ball, location: 2F 2-2: Ball 3-2: Fly out, F7 (Line Drive, 7, EV 95.0 MPH)
|
Bottom of the 2nd over - 0 runs, 0 hits, 0 errors, 0 left on base; D.C. 1 - Colorado 0 |
TOP OF THE 3RD |
D.C. Divided batting - Pitching for Colorado Billy Goats : LHP Paul Vereen
|
Batting: RHB Kimi Okubo
|
0-0: SOLO HOME RUN (Flyball, 7LD, EV 96.9 MPH), Distance : 344 ft
|
Batting: RHB Peni Ferede
|
0-0: Ball 1-0: Ball 2-0: Fly out, F5 (Line Drive, 5, EV 60.6 MPH)
|
Batting: RHB Martín Chávez
|
0-0: Called Strike 0-1: SINGLE (Groundball, 56D, EV 96.9 MPH)
|
Batting: RHB Francisco Alhama
|
0-0: Ball 1-0: Called Strike 1-1: Ball 2-1: Called Strike 2-2: Ball 3-2: Fly out, F7 (Flyball, 7D, EV 92.5 MPH)
|
Batting: LHB Bill Butler
|
0-0: Ball 1-0: Swinging Strike 1-1: Ball 2-1: Foul Ball, location: 2F 2-2: Ball 3-2: Base on Balls Martín Chávez to second
|
Batting: LHB Buddy Patton
|
0-0: Ball 1-0: Called Strike 1-1: Fielders Choice at 2nd, 6-4 (Groundball, 6, EV 76.9 MPH)
|
Top of the 3rd over - 1 run, 2 hits, 0 errors, 2 left on base; D.C. 2 - Colorado 0 |
BOTTOM OF THE 3RD |
Colorado Billy Goats batting - Pitching for D.C. Divided : RHP Eric Colquhoun
|
Batting: LHB Ruhinda Kirkconnell
|
0-0: Called Strike 0-1: Ball 1-1: Swinging Strike 1-2: Ball 2-2: Foul Ball, location: 2F 2-2: Ball 3-2: Foul Ball, location: 2F 3-2: Foul Ball, location: 2F 3-2: Foul Ball, location: 2F 3-2: Base on Balls
|
Batting: SHB Raoul de Gilde
|
0-0: SINGLE (Groundball, 4MD, EV 99.4 MPH) Ruhinda Kirkconnell to second Runner from 2nd tries for 3rd, SAFE, no throw by CF
|
Batting: RHB Matt Méndez
|
0-0: Called Strike 0-1: Ball 1-1: Foul Ball, location: 2F 1-2: SINGLE (Groundball, 56D, EV 98.8 MPH) Ruhinda Kirkconnell scores Raoul de Gilde to second
|
Batting: LHB David de Meij
|
0-0: Swinging Strike 0-1: Foul Ball, location: 2F 0-2: Ball 1-2: Ball 2-2: Ball 3-2: Foul Ball, location: 2F 3-2: Foul Ball, location: 2F 3-2: Base on Balls Raoul de Gilde to third Matt Méndez to second
|
Batting: LHB Ricardo Yates
|
0-0: Ball 1-0: Ball 2-0: Ball 3-0: Base on Balls Raoul de Gilde scores Matt Méndez to third David de Meij to second
|
Batting: LHB Tim Gonzáles
|
0-0: Ball 1-0: Called Strike 1-1: Foul Ball, location: 2F 1-2: Fielders Choice at 2nd, 4-6 (Groundball, 4S, EV 88.8 MPH) Matt Méndez scores David de Meij to third
|
Batting: LHB Robby Sinor
|
0-0: Ball 1-0: Ball 2-0: Called Strike 2-1: DOUBLE (Flyball, 78XD, EV 107.5 MPH) David de Meij scores Tim Gonzáles to third
|
Batting: LHB Samual Johnson
|
0-0: Foul Ball, location: 2F 0-1: Ground out U3 (Groundball, 3S, EV 84.4 MPH)
|
Batting: RHB Paul Byrd
|
0-0: Called Strike 0-1: Foul Ball, location: 2F 0-2: Ball 1-2: 3-RUN HOME RUN (Flyball, 78XD, EV 88.8 MPH), Distance : 410 ft
|
Pitching: RHP Luis Medina
|
|
Batting: LHB Ruhinda Kirkconnell
|
0-0: Ball 1-0: Ball 2-0: Ball 3-0: Base on Balls
|
Batting: SHB Raoul de Gilde
|
0-0: Ground out 3-1 (Groundball, 34S, EV 77.5 MPH)
|
Bottom of the 3rd over - 7 runs, 4 hits, 0 errors, 1 left on base; D.C. 2 - Colorado 7 |
TOP OF THE 4TH |
D.C. Divided batting - Pitching for Colorado Billy Goats : LHP Paul Vereen
|
Batting: RHB Charles Atkinson
|
0-0: Ball 1-0: Foul Ball, location: 2F 1-1: Ground out 5-3 (Groundball, 56, EV 88.1 MPH)
|
Batting: SHB Billy Dotson
|
0-0: Called Strike 0-1: Fly out, F4 (Popup, 4, EV 56.2 MPH)
|
Batting: RHB Germán Pérez
|
0-0: Called Strike 0-1: Ground out 5-3 (Groundball, 56, EV 86.9 MPH)
|
Top of the 4th over - 0 runs, 0 hits, 0 errors, 0 left on base; D.C. 2 - Colorado 7 |
BOTTOM OF THE 4TH |
Colorado Billy Goats batting - Pitching for D.C. Divided : RHP Luis Medina
|
Batting: RHB Matt Méndez
|
0-0: Ball 1-0: Ground out 4-3 (Groundball, 4, EV 83.1 MPH)
|
Batting: LHB David de Meij
|
0-0: Ball 1-0: Foul Ball, location: 2F 1-1: Foul Ball, location: 2F 1-2: Foul Ball, location: 2F 1-2: Ground out 4-3 (Groundball, 4, EV 86.2 MPH)
|
Batting: LHB Ricardo Yates
|
0-0: Foul Ball, location: 2F 0-1: Ball 1-1: Ball 2-1: Called Strike 2-2: Fly out, F7 (Flyball, 78XD, EV 93.8 MPH)
|
Bottom of the 4th over - 0 runs, 0 hits, 0 errors, 0 left on base; D.C. 2 - Colorado 7 |
TOP OF THE 5TH |
D.C. Divided batting - Pitching for Colorado Billy Goats : LHP Paul Vereen
|
Batting: RHB Kimi Okubo
|
0-0: Ball 1-0: Ball 2-0: SINGLE (Groundball, 34D, EV 101.9 MPH)
|
Batting: RHB Peni Ferede
|
0-0: Swinging Strike 0-1: Ball 1-1: Grounds into double play, 6-4-3 (Groundball, 6, EV 104.4 MPH)
|
Batting: RHB Martín Chávez
|
0-0: Ball 1-0: Foul Ball, location: 2F 1-1: Foul Ball, location: 2F 1-2: Strikes out looking
|
Top of the 5th over - 0 runs, 1 hit, 0 errors, 0 left on base; D.C. 2 - Colorado 7 |
BOTTOM OF THE 5TH |
Colorado Billy Goats batting - Pitching for D.C. Divided : RHP Luis Medina
|
Batting: LHB Tim Gonzáles
|
0-0: Called Strike 0-1: Foul Ball, location: 2F 0-2: Foul Ball, location: 2F 0-2: Ball 1-2: Ball 2-2: Ball 3-2: Base on Balls
|
Batting: LHB Robby Sinor
|
0-0: Called Strike 0-1: Swinging Strike 0-2: Ball 1-2: Fly out, F8 (Line Drive, 8LM, EV 87.5 MPH)
|
Batting: LHB Samual Johnson
|
0-0: Ball 1-0: Called Strike 1-1: Swinging Strike 1-2: Ball 2-2: Ball 3-2: Strikes out swinging
|
Batting: RHB Paul Byrd
|
0-0: Ball 1-0: Swinging Strike 1-1: Ball 2-1: Ball 3-1: Foul Ball, location: 2F 3-2: Fly out, F8 (Flyball, 8LD, EV 104.4 MPH)
|
Bottom of the 5th over - 0 runs, 0 hits, 0 errors, 1 left on base; D.C. 2 - Colorado 7 |
TOP OF THE 6TH |
D.C. Divided batting - Pitching for Colorado Billy Goats : LHP Paul Vereen
|
Batting: RHB Francisco Alhama
|
0-0: Called Strike 0-1: Foul Ball, location: 2F 0-2: Foul Ball, location: 2F 0-2: Ball 1-2: Ball 2-2: Ground out 4-3 (Groundball, 4M, EV 90.6 MPH)
|
Batting: LHB Bill Butler
|
0-0: Called Strike 0-1: Fly out, F7 (Flyball, 7S, EV 95.0 MPH)
|
Batting: LHB Buddy Patton
|
0-0: Ball 1-0: Ball 2-0: Foul Ball, location: 2F 2-1: Ball 3-1: Foul Ball, location: 2F 3-2: Base on Balls
|
Batting: RHB Charles Atkinson
|
0-0: Ball 1-0: Ball 2-0: Fly out, F8 (Line Drive, 8RD, EV 88.8 MPH)
|
Top of the 6th over - 0 runs, 0 hits, 0 errors, 1 left on base; D.C. 2 - Colorado 7 |
BOTTOM OF THE 6TH |
Colorado Billy Goats batting - Pitching for D.C. Divided : RHP Luis Medina
|
Pitching: RHP José Hernández
|
|
Batting: LHB Ruhinda Kirkconnell
|
0-0: SINGLE (Groundball, 6D, EV 97.5 MPH)
|
Batting: SHB Raoul de Gilde
|
0-0: Foul Ball, location: 2F 0-1: Called Strike 0-2: Ball 1-2: Ball 2-2: Foul Ball, location: 2F 2-2: Foul Ball, location: 2F 2-2: Foul Ball, location: 2F 2-2: Fly out, F5 (Popup, 25F, EV 75.0 MPH)
|
Batting: RHB Matt Méndez
|
0-0: Ball 1-0: Called Strike 1-1: Foul Ball, location: 2F 1-2: Ball 2-2: Fly out, F4 (Popup, 34, EV 78.1 MPH)
|
Batting: LHB David de Meij
|
0-0: SINGLE (Groundball, 34S, EV 71.2 MPH) (infield hit) Ruhinda Kirkconnell to second
|
Batting: LHB Ricardo Yates
|
0-0: Called Strike 0-1: Ball 1-1: Ball 2-1: Called Strike 2-2: Strikes out swinging
|
Bottom of the 6th over - 0 runs, 2 hits, 0 errors, 2 left on base; D.C. 2 - Colorado 7 |
TOP OF THE 7TH |
D.C. Divided batting - Pitching for Colorado Billy Goats : LHP Paul Vereen
|
Batting: SHB Billy Dotson
|
0-0: Called Strike 0-1: Foul Ball, location: 2F 0-2: Foul Ball, location: 2F 0-2: Fly out, F7 (Flyball, 78M, EV 83.8 MPH)
|
Batting: RHB Germán Pérez
|
0-0: Foul Ball, location: 2F 0-1: Ball 1-1: Foul Ball, location: 2F 1-2: SINGLE (Groundball, 56D, EV 104.4 MPH)
|
Batting: RHB Kimi Okubo
|
0-0: Ball 1-0: Called Strike 1-1: Called Strike 1-2: Ball 2-2: Ball 3-2: Fly out, F8 (Flyball, 89XD, EV 88.8 MPH)
|
Pitching: LHP Ron Fernández
|
|
Batting: RHB Peni Ferede
|
0-0: Ball 1-0: Ball 2-0: Called Strike 2-1: Foul Ball, location: 2F 2-2: Foul Ball, location: 2F 2-2: Ball 3-2: Base on Balls Germán Pérez to second
|
Batting: RHB Martín Chávez
|
0-0: Foul Ball, location: 2F 0-1: Ball 1-1: Fielders Choice at 2nd, 5-4 (Groundball, 56, EV 81.9 MPH)
|
Top of the 7th over - 0 runs, 1 hit, 0 errors, 2 left on base; D.C. 2 - Colorado 7 |
BOTTOM OF THE 7TH |
Colorado Billy Goats batting - Pitching for D.C. Divided : RHP José Hernández
|
Batting: LHB Tim Gonzáles
|
0-0: Ball 1-0: Ball 2-0: Ground out 4-3 (Groundball, 4, EV 103.8 MPH)
|
Batting: LHB Robby Sinor
|
0-0: Called Strike 0-1: Ball 1-1: Fly out, F9 (Line Drive, 9, EV 99.4 MPH)
|
Batting: LHB Samual Johnson
|
0-0: Ball 1-0: SINGLE (Line Drive, 8RS, EV 106.9 MPH)
|
Batting: RHB Paul Byrd
|
0-0: Called Strike 0-1: Ball 1-1: Called Strike 1-2: Ball 2-2: Foul Ball, location: 2F 2-2: Foul Ball, location: 2F 2-2: Strikes out looking
|
Bottom of the 7th over - 0 runs, 1 hit, 0 errors, 1 left on base; D.C. 2 - Colorado 7 |
TOP OF THE 8TH |
D.C. Divided batting - Pitching for Colorado Billy Goats : LHP Ron Fernández
|
Batting: RHB Francisco Alhama
|
0-0: Ball 1-0: Ball 2-0: Called Strike 2-1: Ball 3-1: Base on Balls
|
Batting: LHB Bill Butler
|
0-0: Foul Ball, location: 2F 0-1: SINGLE (Groundball, 34D, EV 102.5 MPH) Francisco Alhama to second Runner from 2nd tries for 3rd, SAFE, no throw by RF
|
Batting: LHB Buddy Patton
|
0-0: Ball 1-0: Ball 2-0: Called Strike 2-1: Swinging Strike 2-2: Foul Ball, location: 2F 2-2: Foul Ball, location: 2F 2-2: Foul Ball, location: 2F 2-2: Strikes out swinging
|
Batting: RHB Charles Atkinson
|
0-0: Foul Ball, location: 2F 0-1: Ball 1-1: Ball 2-1: Swinging Strike 2-2: Foul Ball, location: 2F 2-2: Foul Ball, location: 2F 2-2: Ball 3-2: Foul Ball, location: 2F 3-2: Foul Ball, location: 2F 3-2: Base on Balls Bill Butler to second
|
Pitching: LHP Ales Kretky
|
|
Batting: SHB Billy Dotson
|
0-0: Ball 1-0: Called Strike 1-1: Foul Ball, location: 2F 1-2: Strikes out swinging
|
Batting: RHB Germán Pérez
|
0-0: Fly out, F9 (Flyball, 89D, EV 91.2 MPH)
|
Top of the 8th over - 0 runs, 1 hit, 0 errors, 3 left on base; D.C. 2 - Colorado 7 |
BOTTOM OF THE 8TH |
Colorado Billy Goats batting - Pitching for D.C. Divided : RHP José Hernández
|
Batting: LHB Ruhinda Kirkconnell
|
0-0: Ball 1-0: Ball 2-0: Called Strike 2-1: Ground out 4-3 (Groundball, 4, EV 86.2 MPH)
|
Batting: SHB Raoul de Gilde
|
0-0: Ball 1-0: Ball 2-0: Foul Ball, location: 2F 2-1: Foul Ball, location: 2F 2-2: Strikes out swinging
|
Batting: RHB Matt Méndez
|
0-0: Ball 1-0: Swinging Strike 1-1: Ball 2-1: Ball 3-1: Base on Balls
|
Pitching: RHP Gunnar Hoglund
|
|
Batting: LHB David de Meij
|
0-0: Foul Ball, location: 2F 0-1: Ball 1-1: Fly out, F8 (Flyball, 78D, EV 92.5 MPH)
|
Bottom of the 8th over - 0 runs, 0 hits, 0 errors, 1 left on base; D.C. 2 - Colorado 7 |
TOP OF THE 9TH |
D.C. Divided batting - Pitching for Colorado Billy Goats : LHP Ales Kretky
|
Batting: RHB Kimi Okubo
|
0-0: Ball 1-0: Called Strike 1-1: Swinging Strike 1-2: Strikes out swinging
|
Batting: RHB Peni Ferede
|
0-0: Ball 1-0: Called Strike 1-1: Ball 2-1: Foul Ball, location: 2F 2-2: DOUBLE (Line Drive, 89D, EV 103.1 MPH)
|
Batting: RHB Martín Chávez
|
0-0: Foul Ball, location: 2F 0-1: Ball 1-1: Ball 2-1: SINGLE (Groundball, 4MD, EV 97.5 MPH) Peni Ferede to third
|
Batting: RHB Francisco Alhama
|
0-0: Called Strike 0-1: Ball 1-1: Ball 2-1: Ball 3-1: TRIPLE (Line Drive, 89XD, EV 111.2 MPH) Peni Ferede scores Martín Chávez scores
|
Pitching: RHP Magnus Belli
|
|
Batting: LHB Bill Butler
|
0-0: Called Strike 0-1: Fly out, F5 (Popup, 5SF, EV 83.1 MPH)
|
Batting: LHB Buddy Patton
|
0-0: Called Strike 0-1: Ball 1-1: Foul Ball, location: 2F 1-2: Ball 2-2: Ball 3-2: Fly out, F8 (Flyball, 89S, EV 86.9 MPH)
|
Top of the 9th over - 2 runs, 3 hits, 0 errors, 1 left on base; D.C. 4 - Colorado 7 |
|